 Dungeon Crawl Stone Soup version 0.20.1-1-g8b1a95d (webtiles) character file.

83 Nattfarinn the Skirmisher (level 4, -9/31 HPs)
             Began as a Gargoyle Berserker on Aug 4, 2017.
             Was a Believer of Trog.
             Killed by divine providence
             ... invoked by an orc priest
              (13 damage)
             ... on level 3 of the Dungeon.
             The game lasted 00:02:44 (1860 turns).

Nattfarinn the Skirmisher (Gargoyle Berserker)      Turns: 1860, Time: 00:02:46

Health: -9/31      AC:  6    Str: 21    XL:     4   Next: 44%
Magic:  4/4        EV: 11    Int:  7    God:    Trog [**....]
Gold:   105        SH:  3    Dex: 10    Spells: 3/3 levels left

rFire    . . .     SeeInvis .   a - +0 mace
rCold    . . .     Gourm    .   o - +0 buckler (curse)
rNeg     + . .     Faith    .   b - +0 animal skin
rPois    ∞         Spirit   .   (no helmet)
rElec    +         Reflect  .   e - +0 cloak
rCorr    .         Harm     .   (no gloves)
MR       .....                  (no boots)
Stlth    +.........             (no amulet)
Regen    0.1/turn               (no ring)
MPRegen  0.1/turn               (no ring)

@: starving
A: negative energy resistance 1, electricity resistance, unbreathing,
petrification resistance, rot immunity, AC +3
a: Berserk, Trog's Hand, Burn Spellbooks, Renounce Religion


You were on level 3 of the Dungeon.
You worshipped Trog.
Trog was pleased with you.
You were starving.

You visited 1 branch of the dungeon, and saw 3 of its levels.

You collected 105 gold pieces.

Inventory:

Hand Weapons
 a - a +0 mace (weapon)
Armour
 b - a +0 animal skin (worn)
 e - a +0 cloak (worn)
 g - a +0 large shield
 o - a cursed +0 buckler (worn)
Scrolls
 f - 3 scrolls of identify {unknown}
 j - 3 scrolls of random uselessness {unknown}
 l - a scroll of remove curse {unknown}
Potions
 d - a potion of heal wounds {unknown}
 h - a potion of haste {unknown}
 k - a potion of agility {unknown}
 m - a potion of degeneration {unknown}
 n - a potion of flight {unknown}
 p - a potion of curing {unknown}
Comestibles
 c - 2 bread rations
 i - 2 royal jellies


   Skills:
 * Level 5.6 Fighting
 - Level 3.0 Maces & Flails
 - Level 2.1 Armour
 - Level 1.5 Dodging


You had 3 spell levels left.
You didn't know any spells.

Dungeon Overview and Level Annotations

Branches:
Dungeon (3/15)

Altars:
Trog


Innate Abilities, Weirdness & Mutations

You are resistant to torment.
Your stone body is resilient. (AC +3)
You are immune to poison.
You resist negative energy. (rN+)
You are resistant to electric shocks. (rElec)
You can survive without breathing.
You are immune to petrification.
You are immune to rotting.


Message History

The orc is moderately wounded.
The orc priest hits you with a mace. The orc hits you but does no damage.
The orc barely misses you.
You barely miss the orc.
The orc is moderately wounded.
The orc hits you but does no damage. The orc barely misses you.
The orc priest hits you with a mace!
You barely miss the orc.
The orc is moderately wounded.
The orc hits you but does no damage. x2
The orc priest looks encouraged for a moment.
The orc closely misses you. The orc hits you but does no damage.
You hit the orc.
The orc is severely wounded.
The orc priest hits you with a mace!
* * * LOW HITPOINT WARNING * * *
The orc hits you but does no damage. The orc barely misses you.
The orc priest calls down the wrath of Beogh upon you.
Beogh smites you!
You die...

####+#+#.#
#....@o..#
#....oo..#
.........?.#
.#.........#
.>.........#
.#.##...####
#. #...# #
##...


You could see an orc priest and 2 orcs.

Vanquished Creatures
  4 adders (D:2)
  A worm (D:2)
  4 dart slugs
  A leopard gecko (D:2)
  6 bats
  A giant cockroach (D:1)
  4 goblins
  5 hobgoblins
  A quokka (D:2)
  A ball python (D:1)
  4 kobolds
  7 rats
39 creatures vanquished.

Notes
Turn   | Place    | Note
-------+----------+-------------------------------------------
     0 | D:1      | Nattfarinn the Gargoyle Berserker began the quest for the Orb.
     0 | D:1      | Reached XP level 1. HP: 14/14 MP: 1/1
    81 | D:1      | You fall through a shaft!
   141 | D:2      | Reached skill level 4 in Fighting
   141 | D:2      | Reached XP level 2. HP: 15/20 MP: 2/2
   255 | D:2      | Found a faded altar of an unknown god.
   291 | D:2      | Reached XP level 3. HP: 16/24 MP: 3/3
   556 | D:2      | Found a bloodstained altar of Trog.
   659 | D:2      | Reached skill level 5 in Fighting
  1105 | D:2      | Reached XP level 4. HP: 27/31 MP: 4/4
  1447 | D:1      | Reached ** piety under Trog
  1860 | D:3      | Killed from afar by an orc priest

Skill      XL: |  1  2  3 |
---------------+----------+-----
Fighting       | 4 5 |  5.6
Maces & Flails | |  3.0
Armour         | |  2.1
Dodging        | |  1.5

Action                   |  1- 3 |  4- 6 || total
-------------------------+-------+-------++-------
Melee: Mace              |    91 |    52 ||   143
Invok: Berserk           |     1 |       ||     1
  Eat: Chunk             |     1 |     1 ||     2
Armor: Animal skin       |    38 |    20 ||    58
Dodge: Dodged            |    56 |    44 ||   100
Block: Buckler           |       |     9 ||     9
